 Dungeon Crawl Stone Soup version 0.21.0-3-g78d12a8 (webtiles) character file.

181695 mortelune the Thaumaturge (level 17, -15/152 HPs)
             Began as a Purple Draconian Fire Elementalist on Jan 13, 2018.
             Was a High Priest of Sif Muna.
             Killed from afar by a nagaraja (43 damage)
             ... with a bolt of poison
             ... on level 4 of the Snake Pit.
             The game lasted 03:16:03 (57143 turns).

mortelune the Thaumaturge (DrFE)                   Turns: 57143, Time: 03:16:04

Health: -15/152    AC: 18    Str: 13    XL:     17   Next: 68%
Magic:  5/44       EV: 18    Int: 25    God:    Sif Muna [*****.]
Gold:   254        SH: 17    Dex: 23    Spells: 11/45 levels left

rFire    + . .     SeeInvis +   O - +10 hand crossbow "Xeoxos" {elec, MP+9}
rCold    . . .     Gourm    .   s - +2 shield
rNeg     . . .     Faith    .   (armour unavailable)
rPois    .         Spirit   .   C - +1 hat {SInv}
rElec    .         Reflect  +   e - +1 cloak
rCorr    .         Harm     .   u - +2 pair of gloves {Str+3}
MR       ++...                  a - +2 pair of boots {Stlth+}
Stlth    +++.......             g - +2 amulet of reflection
HPRegen  0.35/turn              D - ring of Weohoa {+Blink Dex+3 Slay+2 SInv}
MPRegen  0.29/turn              U - ring "Lifo" {rF+ Int+4 Dex+6}

@: lethally poisoned (-15 -> -53), starving, divine energy
A: breathe power, unfitting armour, cold-blooded, AC +9
a: Breathe Dispelling Energy, Stop Divine Energy, Channel Magic, Forget Spell,
Renounce Religion, Evoke Blink


You were on level 4 of the Snake Pit.
You worshipped Sif Muna.
Sif Muna was extremely pleased with you.
You were starving.

You visited 5 branches of the dungeon, and saw 28 of its levels.
You also visited: Labyrinth, Ossuary and Bailey.

You collected 2664 gold pieces.
You spent 2410 gold pieces at shops.

Inventory:

Hand Weapons
 O - the +10 hand crossbow "Xeoxos" (weapon) {elec, MP+9}
   (You found it on level 8 of the Dungeon)

   It charges the ammunition it shoots with electricity; occasionally upon a
   hit, such missiles may discharge and cause terrible harm.
   It affects your magic capacity (+9).
 Y - the +4 rapier "Lulu" {vamp, *Drain +Inv rPois rN+++}
   (You found it on level 11 of the Dungeon)

   It inflicts no extra harm, but heals its wielder when it wounds a living foe.
   It protects you from poison.
   It renders you almost immune to negative energy.
   It lets you turn invisible.
   It causes draining when unequipped.
Missiles
 N - 557 bolts (quivered)
Armour
 a - a +2 pair of boots of stealth (worn)
 e - a +1 cloak (worn)
 s - a +2 shield (worn)
 u - a +2 pair of gloves of strength (worn)
 C - a +1 hat of see invisible (worn)
Jewellery
 g - a +2 amulet of reflection (around neck)
 D - the ring of Weohoa (left hand) {+Blink Dex+3 Slay+2 SInv}
   (You found it in an ossuary)

   [ring of dexterity]

   It affects your dexterity (+3).
   It affects your accuracy and damage with ranged weapons and melee attacks
   (+2).
   It lets you see invisible.
   It lets you blink.
 J - an uncursed ring of ice
 U - the ring "Lifo" (right hand) {rF+ Int+4 Dex+6}
   (You acquired it on level 1 of the Lair of Beasts)

   [ring of dexterity]

   It affects your intelligence (+4).
   It affects your dexterity (+6).
   It protects you from fire.
Wands
 m - a wand of digging (55)
 r - a wand of acid (12)
 z - a wand of clouds (5)
 A - a wand of paralysis (3)
 P - a wand of polymorph (17)
 R - a wand of iceblast (36)
Scrolls
 d - 2 scrolls of immolation
 i - 8 scrolls of amnesia
 k - 8 scrolls of blinking
 l - 3 scrolls of fear
 n - 13 scrolls of remove curse
 o - 2 scrolls of identify
 t - 6 scrolls of magic mapping
 v - 11 scrolls of teleportation
 B - 2 scrolls of brand weapon
 E - 3 scrolls of silence
 I - 3 scrolls of enchant armour
 M - 3 scrolls of fog
 Q - a scroll of holy word
Potions
 c - 7 potions of ambrosia
 f - 3 potions of mutation
 h - 14 potions of curing
 p - 6 potions of invisibility
 F - 2 potions of heal wounds
 G - 5 potions of might
 H - 2 potions of haste
 K - 3 potions of flight
 S - 3 potions of cancellation
 T - 2 potions of agility
 V - a potion of resistance
Books
 w - Sif Muna's Tome of Conjuration
   (Sif Muna gifted it to you on level 2 of the Snake Pit)

   Spells                             Type                      Level
   a - Stone Arrow                    Conjuration/Earth            3
   b - Fulminant Prism                Conjuration/Hexes            4
   c - Force Lance                    Conjuration/Translocation    4
   d - Throw Icicle                   Conjuration/Ice              4
   e - Venom Bolt                     Conjuration/Poison           5
   f - Lehudib's Crystal Spear        Conjuration/Earth            8
Miscellaneous
 j - a lightning rod (3/4)
 q - a phial of floods
 y - a lightning rod (3/4)
Comestibles
 b - 5 rations


   Skills:
 + Level 14.0 Fighting
 - Level 7.1 Dodging
 - Level 1.7 Stealth
 * Level 12.5 Shields
 + Level 14.6 Spellcasting
 + Level 14.2 Conjurations
 - Level 11.8 Fire Magic
 + Level 7.5 Earth Magic
 - Level 9.0 Evocations


You had 11 spell levels left.
You knew the following spells:

 Your Spells              Type           Power        Failure   Level  Hunger
a - Flame Tongue          Conj/Fire      #####        1%          1    None
b - Throw Flame           Conj/Fire      ######       1%          2    None
c - Conjure Flame         Conj/Fire      ######..     1%          3    None
d - Sticky Flame          Conj/Fire      ######..     1%          4    None
e - Fireball              Conj/Fire      ######....   1%          5    ##.....
f - Blink                 Tloc           N/A          6%          2    None
g - Iron Shot             Conj/Erth      ######....   7%          6    ####...
h - Lightning Bolt        Conj/Air       ######....   6%          5    ##.....
z - Bolt of Fire          Conj/Fire      ######....   3%          6    ####...


Dungeon Overview and Level Annotations

Branches:
Dungeon (15/15)            Temple (1/1) D:6            Lair (6/6) D:8
 Shoals (0/4) Lair:4        Snake (4/4) Lair:3        Slime (0/5) Lair:6
    Orc (2/2) D:12            Elf (0/3) Orc:2        Vaults (0/5) D:14
 Depths (0/5) D:15

Altars:
Ashenzari
Cheibriados
Dithmenos
Elyvilon
Fedhas
Gozag
Hepliaklqana
Kikubaaqudgha
Makhleb
Nemelex Xobeh
Okawaru
Qazlal
Ru
Sif Muna
Trog
Uskayaw
Vehumet
Wu Jian
Xom
Yredelemnul
Zin
The Shining One
Beogh
Jiyva

Shops:
D:9 *   D:11 *   D:12 *   D:14 [   Orc:2 [?%?(

Annotations:
Lair:6 exclusion: oklob plant
Snake:3 Mara


Innate Abilities, Weirdness & Mutations

You can breathe bolts of dispelling energy.
Your rich purple scales are hard. (AC +9)
You cannot fit into any form of body armour.
You are cold-blooded and may be slowed by cold attacks.


Message History

The bolt hits you!!
The nagaraja gestures at you while chanting.
The poison arrow hits you!
You are more poisoned.
* * * LOW HITPOINT WARNING * * *
You feel much better.
You feel sick.
The naga sharpshooter shoots a bolt.
The bolt completely misses you.
You feel sick. The nagaraja spits poison at you. The splash of poison hits you!
You are more poisoned.
The naga sharpshooter shoots a bolt.
You reflect the bolt off an invisible shield around you!
The bolt hits the naga sharpshooter!!
The naga sharpshooter shoots a bolt.
The bolt hits you!
* * * LOW HITPOINT WARNING * * *
The nagaraja points at you and mumbles some strange words.
The bolt of poison hits you!
You are lethally poisoned!
You die...

##......#.....#...#
#.......'.....#...#
#.......#'....#...#
##.....(.######(..#
#....(...........#
#...(......N.....####
#..[)................
#.[(...((..N.....)...
#<).@(()N(N[((()..(..
##############.÷(##..
#......... #.........
#....NN... #....#.NNN
#....N(..( ##..#....N
##.N..⌠.?


You could see a naga warrior, a nagaraja and 2 naga sharpshooters.

Vanquished Creatures
  Saint Roka (Snake:2)
  Jorgrun (Snake:3)
  Aizul (Snake:2)
  Azrael (Snake:1)
  Snorg (Lair:5)
  A fire dragon (Lair:6)
  A minotaur (Lab)
  2 ogre magi
  14 naga warriors
  Erolcha (Orc:1)
  Harold (Orc:2)
  9 hydras
  A centaur warrior (D:13)
  11 anacondas
  Erica (D:9)
  16 two-headed ogres
  2 tengu warriors (D:14)
  A vampire mage (D:15)
  5 naga sharpshooters
  7 shock serpents
  Sonja (Lair:1)
  3 salamander mystics
  2 skeletal warriors (D:15)
  3 naga ritualists
  5 unseen horrors
  A death drake (shapeshifter) (D:15)
  A wolf spider zombie (D:15)
  2 lindwurms (Lair:6)
  6 orc knights
  Pikel (D:9)
  2 deep elf magi
  2 necromancers
  2 orc sorcerers
  11 mana vipers
  An oklob plant (Snake:1)
  6 ugly things (D:15)
  5 cyclopes
  A tengu skeleton (D:15)
  2 manticores
  7 elephants
  7 salamanders
  Joseph (D:9)
  A frost giant skeleton (D:15)
  A black mamba (shapeshifter) (D:14)
  9 naga magi
  40 black mambas
  3 molten gargoyles (Lair:6)
  11 spiny frogs
  A torpor snail (Lair:3)
  2 kobold demonologists (Bailey)
  13 komodo dragons
  A rime drake (Lair:6)
  An efreet (D:14)
  2 polar bears (Lair:5)
  A meliai (shapeshifter) (D:15)
  A yaktaur skeleton (D:15)
  8 trolls
  16 blink frogs
  6 meliai
  Prince Ribbit (D:8)
  15 hippogriffs
  An ettin zombie (D:15)
  A wind drake (shapeshifter) (D:14)
  A meliai zombie (D:14)
  A spriggan (D:9)
  2 shadows
  23 yaks
  A spriggan (shapeshifter) (D:14)
  A wraith (D:12)
  9 wyverns
  3 basilisks
  2 fire elementals (Snake:1)
  2 hungry ghosts (D:7)
  25 nagas
  8 wargs
  A soldier ant (D:11)
  An acid dragon (D:14)
  17 water moccasins
  Duvessa (D:5)
  8 porcupines
  9 hell hounds
  A slave (D:9)
  A hornet zombie (Ossuary)
  2 black bears
  3 ice beasts
  4 sky beasts
  58 orc warriors
  3 elephant zombies (Lair:4)
  2 eyes of draining
  10 ogres
  3 phantoms
  15 wolves
  26 centaurs
  13 crocodiles
  The ghost of newuser the Firebug, an amateur HaFE (D:3)
  A big kobold (D:7)
  15 bullfrogs
  A wyvern zombie (D:11)
  A gnoll sergeant (Orc:1)
  Dowan (D:5)
  A water moccasin zombie (Ossuary)
  5 scorpions
  A water moccasin skeleton (D:8)
  9 killer bees
  9 wights
  11 electric eels
  5 lava snakes (Lair:6)
  4 crimson imps
  3 basilisk zombies (Lair:4)
  10 centaur zombies
  6 hounds
  A jelly (D:13)
  21 orc priests
  3 bullfrog zombies (Ossuary)
  Crazy Yiuf (D:7)
  6 centaur skeletons
  3 iguanas
  9 worker ants
  20 orc wizards
  A killer bee zombie (Ossuary)
  2 hound zombies (Ossuary)
  2 hound skeletons
  18 mummies (Ossuary)
  A worker ant zombie (D:11)
  17 adders
  19 gnolls
  A shadow imp (D:14)
  An ooze (D:1)
  3 adder zombies (Ossuary)
  6 adder skeletons
  3 worms
  A dart slug (D:3)
  3 leopard geckos
  88 orcs
  5 bats
  4 giant cockroaches
  19 goblins
  12 hobgoblins
  8 jackals
  4 quokkas
  2 ball pythons
  3 frilled lizards
  A jackal skeleton (D:5)
  7 kobolds
  2 leopard gecko zombies (Ossuary)
  8 rats
  A bush (Lair:6)
  A fungus (Lair:4)
  A plant (D:9)
  A withered plant (Ossuary)
934 creatures vanquished.

Vanquished Creatures (others)
  2 slaves (D:9)
  A scorpion (D:9)
  An electric eel (D:9)
  An iguana (D:9)
  2 orcs (Orc:1)
  A goblin (Bailey)
  A quokka (D:9)
  22 fungi
  13 plants
  6 withered plants (D:15)
50 creatures vanquished.

Grand Total: 984 creatures vanquished

Notes
Turn   | Place    | Note
-------+----------+-------------------------------------------
     0 | D:1      | mortelune the Draconian Fire Elementalist began the quest for the Orb.
     0 | D:1      | Reached XP level 1. HP: 14/14 MP: 3/3
   264 | D:1      | Reached XP level 2. HP: 16/20 MP: 3/5
   268 | D:1      | Learned a level 2 spell: Throw Flame
  1148 | D:2      | Reached XP level 3. HP: 26/26 MP: 1/6
  1360 | D:2      | Learned a level 3 spell: Conjure Flame
  1919 | D:3      | Noticed newuser's ghost (amateur HaFE)
  2206 | D:3      | Noticed a hippogriff
  2214 | D:3      | Killed a hippogriff
  2214 | D:3      | Reached XP level 4. HP: 12/33 MP: 0/8
  2214 | D:3      | Reached XP level 5. HP: 14/38 MP: 0/9
  3052 | D:3      | Learned a level 4 spell: Sticky Flame
  3083 | D:3      | Killed newuser's ghost
  3083 | D:3      | Reached XP level 6. HP: 45/45 MP: 1/11
  3865 | D:4      | Reached skill level 5 in Conjurations
  4224 | D:4      | Reached skill level 1 in Fighting
  4224 | D:4      | Your scales start taking on a rich purple colour.
  4224 | D:4      | Reached XP level 7. HP: 52/52 MP: 7/14
  4322 | D:4      | Found a hazy altar of Hepliaklqana.
  4349 | D:4      | Found a sacrificial altar of Ru.
  4884 | D:5      | Entered Level 5 of the Dungeon
  4921 | D:5      | Learned a level 5 spell: Fireball
  5022 | D:5      | Reached skill level 5 in Spellcasting
  5022 | D:5      | Reached skill level 5 in Fire Magic
  5472 | D:5      | Found a white marble altar of Elyvilon.
  5565 | D:5      | Reached XP level 8. HP: 62/62 MP: 9/16
  5902 | D:5      | Noticed Dowan
  5904 | D:5      | Noticed Duvessa
  5921 | D:5      | Killed Duvessa
  5924 | D:5      | Killed Dowan
  6545 | D:6      | Found a stormy altar of Qazlal.
  6761 | D:6      | Found a staircase to the Ecumenical Temple.
  6784 | Temple   | Entered the Ecumenical Temple
  6985 | Temple   | Became a worshipper of Sif Muna the Loreminder
  7090 | D:6      | Found a radiant altar of Vehumet.
  7394 | D:6      | Found a burning altar of Makhleb.
  7617 | D:7      | Found a sand-covered staircase.
  7622 | Ossuary  | Entered an ossuary
  7862 | Ossuary  | Reached XP level 9. HP: 72/72 MP: 13/18
  7887 | Ossuary  | Reached * piety under Sif Muna
  8174 | Ossuary  | Reached skill level 5 in Fighting
  8502 | Ossuary  | Got an ancient pewter ring
  8574 | Ossuary  | Identified the ring of Weohoa {+Blink Dex+3 Slay+2 SInv} (You found it in an ossuary)
  8813 | D:7      | Reached ** piety under Sif Muna
  8816 | D:7      | Reached skill level 1 in Evocations
  9369 | D:7      | Found a runed door.
  9373 | D:7      | Noticed Crazy Yiuf
  9375 | D:7      | Killed Crazy Yiuf
  9476 | D:7      | Paralysed by fainting for 11 turns
 10134 | D:8      | Noticed a two-headed ogre
 10287 | D:8      | Killed a two-headed ogre
 10287 | D:8      | Reached XP level 10. HP: 84/84 MP: 3/22
 10876 | D:8      | Reached *** piety under Sif Muna
 11357 | D:8      | Noticed a moth of wrath
 11360 | D:8      | Found a bloodstained altar of Trog.
 11382 | D:8      | Got a transparent hand crossbow
 11386 | D:8      | Identified the +10 hand crossbow "Xeoxos" {elec, MP+9} (You found it on level 8 of the Dungeon)
 11750 | D:8      | Noticed a dagger
 11750 | D:8      | Noticed a dagger
 11754 | D:8      | Found a hide-covered altar of Uskayaw.
 11852 | D:8      | Found an ornate altar of the Wu Jian Council.
 11852 | D:8      | Found a snail-covered altar of Cheibriados.
 11900 | D:8      | Found a staircase to the Lair.
 11936 | D:9      | Reached skill level 1 in Shields
 11939 | D:9      | Noticed Prince Ribbit
 11949 | D:8      | Killed Prince Ribbit
 12246 | D:9      | Found an ancient bone altar of Kikubaaqudgha.
 12247 | D:9      | Noticed a two-headed ogre
 12253 | D:9      | Killed a two-headed ogre
 12485 | D:9      | Found a sparkling altar of Nemelex Xobeh.
 12506 | D:9      | Noticed Pikel
 12511 | D:9      | Killed Pikel
 12884 | D:9      | Noticed Joseph
 12888 | D:9      | Killed Joseph
 12888 | D:9      | Reached XP level 11. HP: 83/93 MP: 12/24
 13182 | D:9      | Noticed a two-headed ogre
 13187 | D:9      | Killed a two-headed ogre
 13252 | D:9      | Found Zin's Purification Station.
 13254 | D:9      | Found a glowing silver altar of Zin.
 13259 | D:9      | Bought a potion of curing for 90 gold pieces
 13665 | D:9      | Found Ezis's Assorted Antiques.
 13670 | D:9      | Bought a potion of invisibility for 224 gold pieces
 13670 | D:9      | Bought a scroll of identify for 56 gold pieces
 13777 | D:9      | Noticed Erica
 13782 | D:9      | Killed Erica
 13782 | D:9      | Reached **** piety under Sif Muna
 13941 | D:10     | Entered Level 10 of the Dungeon
 14381 | D:10     | Noticed a two-headed ogre
 14383 | D:10     | Killed a two-headed ogre
 14401 | D:10     | Reached skill level 10 in Conjurations
 15176 | D:11     | Found Laufyor's Assorted Antiques.
 15180 | D:11     | Reached skill level 10 in Spellcasting
 15328 | D:11     | Found a flagged portal.
 15380 | Bailey   | Entered a bailey
 15494 | Bailey   | Found an iron altar of Okawaru.
 15529 | Bailey   | Noticed a sun demon
 15775 | Bailey   | Noticed an orc knight
 15786 | Bailey   | Killed an orc knight
 15786 | Bailey   | Reached ***** piety under Sif Muna
 16578 | D:11     | Noticed an unseen horror
 16583 | D:11     | Killed an unseen horror
 16713 | D:11     | Got a crystal rapier
 16716 | D:11     | Identified the +4 rapier "Lulu" {vamp, *Drain +Inv rPois rN+++} (You found it on level 11 of the Dungeon)
 16951 | D:11     | Reached XP level 12. HP: 104/104 MP: 18/26
 17262 | Lair:1   | Entered Level 1 of the Lair of Beasts
 17426 | Lair:1   | Identified Sif Muna's Incunabulum of Fiery Dislocation (Sif Muna gifted it to you on level 1 of the Lair of Beasts)
 17426 | Lair:1   | Received a gift from Sif Muna
 17436 | Lair:1   | Learned a level 6 spell: Bolt of Fire
 17959 | Lair:1   | Reached skill level 5 in Evocations
 18173 | Lair:1   | Reached skill level 10 in Fire Magic
 18175 | Lair:1   | Noticed Sonja
 18195 | Lair:1   | Killed Sonja
 18806 | Lair:1   | Got a crude iron ring
 18808 | Lair:1   | Identified the ring "Lifo" {rF+ Int+4 Dex+6} (You acquired it on level 1 of the Lair of Beasts)
 19249 | Lair:2   | Found a labyrinth entrance.
 19253 | Lair:2   | Noticed a six-headed hydra
 19258 | Lab      | Entered a labyrinth
 19761 | Lab      | Noticed a minotaur
 19767 | Lab      | Killed a minotaur
 19767 | Lab      | Reached skill level 10 in Fighting
 19826 | Lab      | Got a faintly glowing granite ring
 19828 | Lab      | Identified the ring of Ibaca {rN+ AC+4} (You found it in a labyrinth)
 19854 | Lair:2   | Killed a six-headed hydra
 21712 | Lair:3   | Found a staircase to the Snake Pit.
 21927 | Lair:3   | Reached XP level 13. HP: 114/114 MP: 10/28
 23394 | Lair:4   | Reached skill level 5 in Dodging
 23536 | Lair:4   | Identified Sif Muna's Collected Works on the Fiery Voyage (Sif Muna gifted it to you on level 4 of the Lair of Beasts)
 23536 | Lair:4   | Received a gift from Sif Muna
 23937 | Lair:4   | Found a staircase to the Shoals.
 24056 | Lair:4   | Learned a level 2 spell: Blink
 25641 | D:11     | Bought a bloodstained hat for 270 gold pieces
 25641 | D:11     | Bought a scroll of blinking for 225 gold pieces
 25651 | D:11     | Identified the cursed +0 hat "Dep Axte" {rPois} (You bought it in a shop on level 11 of the Dungeon)
 27088 | Lair:6   | Entered Level 6 of the Lair of Beasts
 28245 | Lair:6   | Noticed Snorg
 28561 | Lair:5   | Killed Snorg
 30195 | Lair:6   | Reached XP level 14. HP: 124/124 MP: 20/30
 30408 | Lair:6   | Found a viscous altar of Jiyva.
 30412 | Lair:6   | Found a staircase to the Slime Pits.
 30886 | Lair:6   | Found a blossoming altar of Fedhas.
 31525 | Lair:6   | Identified Sif Muna's Volume of Contamination and Conjuration (Sif Muna gifted it to you on level 6 of the Lair of Beasts)
 31525 | Lair:6   | Received a gift from Sif Muna
 31699 | Lair:6   | Found a large runed door.
 31700 | Lair:6   | Found a large runed door.
 32724 | D:12     | Found a staircase to the Orcish Mines.
 32732 | D:12     | Found Diuq's General Store.
 32856 | D:12     | Bought 3 scrolls of teleportation for 126 gold pieces
 32917 | D:12     | Learned a level 6 spell: Iron Shot
 33804 | D:12     | Learned a level 5 spell: Lightning Bolt
 34135 | D:13     | Reached skill level 1 in Earth Magic
 35191 | D:13     | Reached XP level 15. HP: 132/132 MP: 31/31
 35873 | D:13     | Paralysed by an ogre mage for 4 turns
 36146 | D:14     | Found Hecuivuqoh's Antique Armour Shoppe.
 36316 | D:14     | Found a gate to the Vaults.
 36612 | Orc:1    | Entered Level 1 of the Orcish Mines
 36612 | Orc:1    | Noticed Erolcha
 36710 | Orc:1    | Killed Erolcha
 37733 | Orc:2    | Entered Level 2 of the Orcish Mines
 38146 | Orc:2    | Found a staircase to the Elven Halls.
 38193 | Orc:2    | Found a roughly hewn altar of Beogh.
 40351 | Orc:2    | Found Dybbili's Antique Armour Boutique.
 40528 | Orc:2    | Found Hime's Magic Scroll Emporium.
 40528 | Orc:2    | Found Hiokk's Food Boutique.
 40530 | Orc:2    | Found Dakamus's Magic Scroll Shop.
 40532 | Orc:2    | Found Jodyast's Antique Weapon Shoppe.
 40536 | Orc:2    | Bought a scroll of teleportation for 39 gold pieces
 40536 | Orc:2    | Bought a scroll of teleportation for 39 gold pieces
 40536 | Orc:2    | Bought a scroll of teleportation for 39 gold pieces
 40625 | Orc:2    | Bought a pair of embroidered gloves for 202 gold pieces
 40653 | Orc:2    | Bought a scroll of blinking for 112 gold pieces
 40725 | D:12     | Bought a wand of iceblast (9) for 182 gold pieces
 40804 | Orc:1    | Noticed Harold
 40985 | Orc:2    | Killed Harold
 40985 | Orc:2    | Reached XP level 16. HP: 79/141 MP: 16/33
 41956 | D:14     | Identified Sif Muna's Handbook of Freezing Battle Magic (Sif Muna gifted it to you on level 14 of the Dungeon)
 41956 | D:14     | Received a gift from Sif Muna
 42347 | D:15     | Entered Level 15 of the Dungeon
 43906 | D:15     | Found a staircase to the Depths.
 45972 | Snake:1  | Entered Level 1 of the Snake Pit
 46232 | Orc:2    | Bought a scroll of acquirement for 780 gold pieces
 46253 | Orc:2    | Bought a scroll of identify for 26 gold pieces
 46604 | Snake:1  | Reached skill level 10 in Shields
 46659 | Snake:1  | Reached skill level 5 in Earth Magic
 47840 | Snake:1  | Noticed Azrael
 47859 | Snake:1  | Killed Azrael
 48307 | Snake:1  | Found an ancient bone altar of Kikubaaqudgha.
 49922 | Snake:2  | Received a gift from Sif Muna
 49940 | Snake:2  | Identified Sif Muna's Tome of Conjuration (Sif Muna gifted it to you on level 2 of the Snake Pit)
 49945 | Snake:2  | Identified Sif Muna's Tome of Conjuration (Sif Muna gifted it to you on level 2 of the Snake Pit)
 50474 | Snake:2  | Noticed Aizul
 50475 | Snake:2  | Reached XP level 17. HP: 137/149 MP: 2/35
 50832 | Snake:2  | Killed Aizul
 51965 | Snake:2  | Noticed Saint Roka
 52458 | Snake:2  | Killed Saint Roka
 55592 | Snake:3  | Noticed Mara
 55804 | Snake:3  | Noticed mortelune's illusion
 56019 | Snake:3  | Noticed mortelune's illusion
 56396 | Snake:3  | Noticed Jorgrun
 56401 | Snake:3  | Killed Jorgrun
 56542 | Snake:3  | Noticed mortelune's illusion
 56610 | Snake:4  | Entered Level 4 of the Snake Pit
 57143 | Snake:4  | Killed from afar by a nagaraja

Skill      XL: |  1  2  3  4  5  6  7  8  9 10 11 12 13 14 15 16 17 |
---------------+----------------------------------------------------+-----
Conjurations   | 2 4 5 6 7 8 9 10 11 12 13 14 | 14.2
Spellcasting   | 3 4 5 6 8 9 10 11 12 13 14 | 14.6
Fire Magic     | 4 5 6 7 8 9 10 11 | 11.8
Fighting       | 1 2 4 6 7 9 10 11 12 13 14 | 14.0
Evocations     | 3 4 5 6 7 8 9 |  9.0
Shields        | 4 7 8 11 12 | 12.5
Dodging        | 4 6 7 |  7.1
Earth Magic    | 1 3 6 7 |  7.5
Stealth        | |  1.7

Action                   |  1- 3 |  4- 6 |  7- 9 | 10-12 | 13-15 | 16-18 || total
-------------------------+-------+-------+-------+-------+-------+-------++-------
Melee: Short sword       |    17 |       |       |       |       |       ||    17
       Tailslap          |     2 |       |     9 |    12 |    10 |       ||    33
       War axe           |     1 |     4 |     1 |       |       |       ||     6
       Mace              |       |       |    75 |       |       |       ||    75
       Morningstar       |       |       |       |     2 |       |       ||     2
       Rapier            |       |       |       |    58 |    54 |       ||   112
       Hand crossbow     |       |       |       |     1 |       |       ||     1
 Fire: Hand crossbow     |       |       |       |    60 |   121 |   251 ||   432
 Cast: Flame Tongue      |    37 |    44 |   182 |   269 |   225 |    23 ||   780
       Throw Flame       |    14 |    16 |    41 |   131 |   197 |    29 ||   428
       Conjure Flame     |     1 |     3 |     2 |     1 |     3 |     3 ||    13
       Sticky Flame      |       |       |    32 |    67 |    85 |    42 ||   226
       Fireball          |       |       |    11 |    62 |   144 |    96 ||   313
       Bolt of Fire      |       |       |       |     3 |    95 |   163 ||   261
       Blink             |       |       |       |       |     6 |       ||     6
       Lightning Bolt    |       |       |       |       |     2 |    41 ||    43
       Iron Shot         |       |       |       |       |       |    27 ||    27
Invok: Divine Energy     |       |       |       |       |     1 |       ||     1
 Abil: Breathe Dispellin |       |       |     2 |     1 |     1 |       ||     4
       Evoke Blink       |       |       |       |     3 |     4 |    14 ||    21
Evoke: Wand              |       |       |       |       |     3 |     3 ||     6
       Lightning rod     |       |       |       |       |       |     1 ||     1
       Sack of spiders   |       |       |       |       |       |     1 ||     1
  Use: Potion            |     1 |       |       |       |     1 |     5 ||     7
       Scroll            |       |     6 |     8 |    15 |    10 |    10 ||    49
  Eat: Chunk             |     4 |     5 |    18 |    43 |    68 |    26 ||   164
       Ration            |       |     1 |     2 |     4 |     9 |    20 ||    36
Armor: Skin              |    15 |     6 |    62 |    63 |   112 |    72 ||   330
Dodge: Dodged            |    28 |    17 |    93 |   128 |   270 |   185 ||   721
Block: Buckler           |       |       |       |    60 |   120 |    79 ||   259
       Shield            |       |       |       |       |     2 |    61 ||    63
       Reflection        |       |       |       |       |       |    25 ||    25
